 Dungeon Crawl Stone Soup version 0.17.0-27-g4a3f43e (webtiles) character file.

109 Glider the Insei (level 4, -1/28 HPs)
             Began as an Octopode Transmuter on Nov 21, 2015.
             Splashed by a jelly's acid (8 damage)
             ... on level 3 of the Dungeon.
             The game lasted 00:11:48 (2369 turns).

Glider the Insei (Octopode Transmuter)              Turns: 2369, Time: 00:11:48

Health: -1/28      AC: -3    Str:  9    XL:     4   Next: 90%
Magic:  8/8        EV: 12    Int: 15    God:
Gold:   54         SH:  0    Dex: 13    Spells: 2 memorised, 4 levels left

rFire  . . .     SeeInvis .       - Unarmed
rCold  . . .     Clarity  .     (no shield)
rNeg   . . .     SustAt   .     (helmet restricted)
rPois  .         Gourm    .     (no amulet)
rElec  .         Spirit   .     (no ring)
rCorr  .         Warding  .     (no ring)
rMut   .         Stasis   .     (no ring)
MR     .....                    (no ring)
Stlth  ++........               (no ring)
                                (no ring)
                                (no ring)
                                (no ring)

@: corroded equipment, not resistant to hostile enchantments, unstealthy
A: almost no armour, amphibious, 8 rings, constrict 8, camouflage 1, gelatinous
body 1
a: no special abilities


You were on level 3 of the Dungeon.
You were hungry.

You visited 1 branch of the dungeon, and saw 3 of its levels.

You collected 54 gold pieces.

Inventory:

Missiles
 a - 58 arrows
 j - 91 stones
 k - 20 bolts
 p - 4 javelins (quivered)
Wands
 q - a wand of magic darts (16)
Scrolls
 g - 2 scrolls of fear {unknown}
 h - 7 scrolls of identify {unknown}
 m - a scroll of magic mapping {unknown}
 o - a scroll of teleportation {unknown}
 r - a scroll of noise {unknown}
 t - a scroll of enchant armour {unknown}
 u - a scroll of recharging {unknown}
Potions
 d - a potion of cure mutation {unknown}
 e - 5 potions of curing {unknown}
 i - a potion of heal wounds {unknown}
 l - 2 potions of brilliance {unknown}
 n - a potion of might {unknown}
Books
 b - a book of Changes

   Spells                             Type                      Level
   a - Beastly Appendage              Transmutation                1
   b - Sticks to Snakes               Transmutation                2
   c - Spider Form                    Transmutation/Poison         3
   d - Ice Form                       Ice/Transmutation            4
   e - Blade Hands                    Transmutation                5
Comestibles
 c - 3 bread rations
 f - 3 chunks of flesh
 s - 3 meat rations


   Skills:
 - Level 1.0 Fighting
 - Level 2.0 Dodging
 - Level 4.0 Unarmed Combat
 * Level 2.9 Spellcasting
 * Level 2.8 Transmutations
 * Level 1.7 Poison Magic


You had 4 spell levels left.
You knew the following spells:

 Your Spells              Type           Power        Failure   Level  Hunger
a - Beastly Appendage     Trmt           ##....       8%          1    #......
b - Spider Form           Trmt/Pois      #.........   24%         3    ###....


Dungeon Overview and Level Annotations

Branches:
Dungeon (3/15)

Altars:


Innate Abilities, Weirdness & Mutations

You cannot wear most types of armour.
You are amphibious.
You can wear up to eight rings at the same time.
You can use your tentacles to constrict eight enemies at once.
Your skin changes colour to match your surroundings (Stealth).
Your rubbery body absorbs attacks (AC +1).


Message History

An orc comes into view. It is wielding a whip.
You see here a scroll labeled PIZXECUVI.
You see here 11 gold pieces.
The helpless jelly fails to defend itself.
You tentacle-slap the jelly. The acid corrodes you!
Your tentacles burn!
The jelly is lightly wounded.
You are feeling hungry.
You tentacle-slap the jelly.
Your tentacles burn!
You tentacle-slap the jelly.
The jelly is moderately wounded.
The jelly barely misses you.
You tentacle-slap the jelly but do no damage.
Your tentacles burn!
The jelly is moderately wounded.
The jelly hits you.
You are splashed with acid!
The acid burns!
You barely miss the jelly. You squeeze the jelly!
The jelly is almost dead.
The jelly hits you.
* * * LOW HITPOINT WARNING * * *
You are splashed with acid!
The acid burns!
You die...

# #. .## #. .o. ######
#.# #o###.... #.#
#J...############.#
#@................
##$.####.###..##.#
#.?# #..#$#..##.#
#.###..###..###.##...
.....................#
#######.###########.##
#.. ........# #.#
######### #.#


You could see a jelly and 2 orcs.

Vanquished Creatures
  Natasha (twice) (D:3)
  2 adders (D:2)
  5 worms (D:2)
  A giant gecko (D:2)
  2 orcs (D:3)
  4 bats
  5 giant cockroaches
  5 goblins
  4 hobgoblins
  3 kobolds
  A ball python (D:2)
  3 giant newts
  7 rats
44 creatures vanquished.

Notes
Turn   | Place    | Note
--------------------------------------------------------------
     0 | D:1      | Glider the Octopode Transmuter began the quest for the Orb.
     0 | D:1      | Reached XP level 1. HP: 13/13 MP: 3/3
   159 | D:1      | Reached XP level 2. HP: 15/18 MP: 5/5
   792 | D:1      | Reached skill level 4 in Unarmed Combat
   924 | D:2      | Reached XP level 3. HP: 14/23 MP: 6/6
  1736 | D:2      | Reached XP level 4. HP: 28/28 MP: 7/7
  1741 | D:2      | Learned a level 3 spell: Spider Form
  2031 | D:3      | Noticed Natasha
  2037 | D:3      | Killed Natasha
  2037 | D:3      | Reached skill level 1 in Poison Magic
  2271 | D:3      | Noticed Natasha
  2274 | D:3      | Killed Natasha
  2369 | D:3      | Splashed by a jelly's acid

Action                   |  1- 3 |  4- 6 || total
-------------------------+-------+-------++-------
Melee: Unarmed           |    82 |    25 ||   107
Throw: Stone             |    32 |       ||    32
       Javelin           |    31 |     3 ||    34
 Stab: Sleeping          |     7 |     2 ||     9
       Distracted        |       |     1 ||     1
  Eat: Chunk             |     3 |     1 ||     4
